 Dungeon Sprint DCSS version 0.29.1-12-g30fa7ad0bf (webtiles) character file.

Game seed: 9270062170253789092

36929 Groucho the Earth Mage (level 13, -15/55 HPs)
             Began as a Spriggan Earth Elementalist on Jan 5, 2023.
             Was the Champion of Vehumet.
             Killed from afar by an ice dragon (30 damage)
             ... with a blast of cold
             ... in the Dungeon (Sprint VII: "The Pits").
             The game lasted 00:48:14 (18378 turns).

Groucho the Earth Mage (SpEE)                      Turns: 18378, Time: 00:48:15

Health: -15/55     AC:  5    Str:  4    XL:     13   Next: 55%
Magic:  17/34      EV: 32    Int: 23    God:    Vehumet [******]
Gold:   29         SH:  0    Dex: 17    Spells: 2/45 levels left

rFire   . . .      SeeInvis +   m - +0 quarterstaff (protect)
rCold   . . .      Faith    .   (shield currently unavailable)
rNeg    . . .      Spirit   .   b - +0 robe
rPois   .          Reflect  .   r - +2 hat
rElec   .          Harm     .   q - +0 cloak
rCorr   .          Rampage  .   (gloves unavailable)
Will    ++...      NoTele   +   (boots unavailable)
Stlth   ++........              (no amulet)
HPRegen 0.18/turn               h - +3 ring of intelligence
MPRegen 0.24/turn               n - +3 ring of evasion

@: very quick
A: very small, no large weapons, unfitting armour, see invisible, speed 3
a: Renounce Religion


You were in the Dungeon.
You worshipped Vehumet.
Vehumet was exalted by your worship.
You visited 1 branch You collected 29 gold pieces.

Inventory:

Hand Weapons
 m - a +0 quarterstaff of protection (weapon)
Missiles
 l - 16 stones
Armour
 b - a +0 robe (worn)
 q - a +0 cloak (worn)
 r - a +2 hat (worn)
Jewellery
 h - a +3 ring of intelligence (left hand)
 n - a +3 ring of evasion (right hand)
 t - a ring of fire
 u - an amulet of guardian spirit
 v - a ring of protection from fire
Scrolls
 g - a scroll of butterflies
 j - 5 scrolls of amnesia
 k - a scroll of summoning
 s - 2 scrolls of identify
 w - 4 scrolls of enchant armour
 x - 6 scrolls of enchant weapon
Potions
 a - a potion of lignification
 c - 12 potions of curing
 e - 4 potions of haste
 f - 3 potions of berserk rage
 i - a potion of invisibility
 o - 2 potions of resistance
 p - a potion of brilliance
 z - a potion of mutation


   Skills:
 - Level 16.0 Dodging
 + Level 3.0 Stealth
 + Level 16.6 Spellcasting
 * Level 15.2 Conjurations
 * Level 8.5 Summonings
 - Level 12.2 Transmutations
 * Level 10.5 Fire Magic
 * Level 18.1 Earth Magic


You had 2 spell levels left.
You knew the following spells:

 Your Spells              Type           Power      Damage    Failure   Level
a - Sandblast             Erth           100%       2d20      0%          1
b - Stone Arrow           Conj/Erth      100%       3d13      0%          3
c - Iron Shot             Conj/Erth      38%        9d8       1%          6
d - Petrify               Tmut/Erth      73%        N/A       1%          4
e - Lee's Rapid Deconstr  Erth           40%        3d21*     1%          5
f - Fireball              Conj/Fire      34%        3d14      1%          5
g - Spellforged Servitor  Conj/Summ      32%        N/A       5%          7
h - Lehudib's Crystal Sp  Conj/Erth      38%        10d10     5%          8
i - Flame Wave            Conj/Fire      68%        2d15      1%          4

Your spell library contained the following spells:

 Spells                   Type           Power      Damage    Failure   Level
 Fire Storm               Conj/Fire      34%        8d9       96%         9
 Chain Lightning          Conj/Air       26%        3d34      100%        9
 Passwall                 Tmut/Erth      60%        N/A       0%          2
 Scorch                   Fire           100%       2d10      1%          2
 Ozocubu's Armour         Ice            19%        N/A       9%          3
 Summon Cactus Giant      Summ           27%        N/A       13%         6
 Ozocubu's Refrigeration  Ice            9%         4d9       99%         7


Dungeon Overview and Level Annotations

Branches:
Dungeon (1/1)

Altars:
Ashenzari
Cheibriados
Dithmenos
Elyvilon
Fedhas
Gozag
Hepliaklqana
Kikubaaqudgha
Makhleb
Nemelex Xobeh
Okawaru
Qazlal
Ru
Sif Muna
Trog
Uskayaw
Vehumet
Wu Jian
Xom
Yredelemnul
Zin
The Shining One
Jiyva
Lugonu

Annotations:
D Arachne


Innate Abilities, Weirdness & Mutations

You are very small and have problems with some larger weapons.
You are too small for most types of armour.
You have supernaturally acute eyesight. (SInv)
You cover ground extremely quickly. (Speed+++)


Message History

Arachne mumbles some strange words.
Arachne blinks!
The wind drake flaps its wings at you. The air twists around and strikes you!
Unknown command.
Unknown command.
Unknown command.
Unknown command.
Casting: Iron Shot (dangerous; 1% risk of failure)
Confirm with . or Enter, or press ? or * to list all spells.
Aiming: Iron Shot (dangerous; 1% risk of failure)
Press: ? - help, Shift-Dir - straight line, f - ice dragon
Aim: an ice dragon (82% to hit)
The iron shot misses the purple draconian.
The iron shot misses the wind drake.
The iron shot hits the ice dragon!!
The ice dragon is moderately wounded.
The wind drake flaps its wings at you. The air twists around and strikes you!!
The purple draconian hits you with a +0 battleaxe!
* * * LOW HITPOINT WARNING * * *
Unknown command.
Unknown command.
Okay, then.
Okay, then.
Okay, then.
As you read the scroll of butterflies, it crumbles to dust.
You hear the tinkle of a tiny bell.
The purple draconian closely misses your butterfly.
The purple draconian barely misses your butterfly.
The purple draconian hits your butterfly with a +0 battleaxe!
Your butterfly dies!
Your butterfly disappears in a burst of colours!
The ice dragon breathes frost at you.
The blast of cold misses your butterfly.
The blast of cold hits your butterfly!!!
Your butterfly dies!
Your butterfly disappears in a burst of colours!
The blast of cold hits you!!
Ouch! That really hurt!
You die...

.....)''..........#
####..##..#....#..#
.#.#.)##....D..k..+
#.##)h##...Nk.....+
.#.#).####''####kD#
#.##).####''####k'###############
.#.#..##......##dbb..........)...
####..##.#D##.##..b....).))..)...
......##.#k .##@b##############'
......## '" ##bb#)))#)#.#.#....
####### .#: #bb#)#)#)#.#.#.#..
########.+k #).#)))#)#.#......
..##..## ## #..##.##)#.#.#.#..
..##[.# #..#)))#'#'#......
..''..# #..#)#)#...#.#.#..
..'').##########..#)))#...)......
.)##......)...))..#'###.#.#.#.#..


You could see a purple draconian (ally target), an ice dragon (catching breath,
ally target) and 3 wind drakes.

Vanquished Creatures
  Gastronok (D)
  A nagaraja (D)
  A deep elf sorcerer (D)
  2 orc warlords (D)
  A ghost moth (D)
  A spriggan defender (D)
  A lorocyproca (D)
  2 hydras (D)
  4 vault guards (D)
  A rakshasa (D)
  An ogre mage (D)
  A merfolk avatar (D)
  4 two-headed ogres (D)
  An anaconda (D)
  4 naga warriors (D)
  An alligator (D)
  A deep elf knight (D)
  A fire crab (D)
  2 swamp dragons (D)
  A bog body (D)
  A sea snake (D)
  2 flayed ghosts (D)
  13 orc knights (D)
  A lindwurm (D)
  A necromancer (D)
  2 manticores (D)
  An ugly thing (D)
  2 cyclopes (D)
  A black mamba (D)
  A guardian serpent (D)
  2 orange demons (D)
  A gargoyle (D)
  A demonic crawler (D)
  A freezing wraith (D)
  2 guardian mummies (D)
  An ice devil (D)
  A tarantella (D)
  A polar bear (D)
  A jumping spider (D)
  A shadow (D)
  A spriggan (D)
  A ynoxinul (D)
  A basilisk (D)
  A steam dragon (D)
  A redback (D)
  2 wargs (D)
  A hell hound (D)
  3 floating eyes (D)
  3 orc warriors (D)
  2 swamp drakes (D)
  An ogre (D)
  6 wolves (D)
  A centaur (D)
  A gnoll sergeant (D)
  A scorpion (D)
  3 killer bees (D)
  A quasit (D)
  A hound (D)
  An iron imp (D)
  2 jellies (D)
  3 orc priests (D)
  A gnoll bouda (D)
  2 orc wizards (D)
  2 hell rats (D)
  8 gnolls (D)
  An adder (D)
  A river rat (D)
  A white imp (D)
  2 ufetubi (D)
  An adder skeleton (D)
  A worm (D)
  13 orcs (D)
  2 bat zombies (D)
  An endoplasm (D)
  2 jackals (D)
  A ball python (D)
  A ball python simulacrum (D)
  A ball python skeleton (D)
  A ball python zombie (D)
  A bat (D)
  A frilled lizard (D)
  2 goblins (D)
  A quokka skeleton (D)
  A rat (D)
154 creatures vanquished.

Notes
Turn   | Place    | Note
-------+----------+-------------------------------------------
     0 | D        | Groucho the Spriggan Earth Elementalist began the quest for
                  | the Orb.
     0 | D        | Reached XP level 1. HP: 9/9 MP: 5/5
    57 | D        | Found a bloodstained altar of Trog.
    57 | D        | Found a shimmering blue altar of Sif Muna.
    57 | D        | Found a viscous altar of Jiyva.
    57 | D        | Found a hazy altar of Hepliaklqana.
    57 | D        | Found an opulent altar of Gozag.
    58 | D        | Found a glowing golden altar of the Shining One.
    58 | D        | Found a glowing silver altar of Zin.
    58 | D        | Found a basalt altar of Yredelemnul.
    58 | D        | Found a shimmering altar of Xom.
    58 | D        | Found an ornate altar of the Wu Jian Council.
    58 | D        | Found a sacrificial altar of Ru.
    58 | D        | Found a stormy altar of Qazlal.
    58 | D        | Found an iron altar of Okawaru.
    58 | D        | Found a sparkling altar of Nemelex Xobeh.
    58 | D        | Found a burning altar of Makhleb.
    58 | D        | Found a blossoming altar of Fedhas.
    58 | D        | Found a white marble altar of Elyvilon.
    58 | D        | Found a shadowy altar of Dithmenos.
    58 | D        | Found a snail-covered altar of Cheibriados.
    60 | D        | Found a radiant altar of Vehumet.
    60 | D        | Found a corrupted altar of Lugonu.
    61 | D        | Found a hide-covered altar of Uskayaw.
    61 | D        | Found an ancient bone altar of Kikubaaqudgha.
    61 | D        | Found a broken altar of Ashenzari.
    70 | D        | Became a worshipper of Vehumet
    90 | D        | Reached skill level 3 in Earth Magic
   382 | D        | Noticed a floating eye
   385 | D        | Killed a floating eye
   385 | D        | Reached * piety under Vehumet
   385 | D        | Offered knowledge of Freeze by Vehumet.
   386 | D        | Reached skill level 5 in Dodging
   386 | D        | Reached skill level 5 in Earth Magic
   386 | D        | Reached XP level 2. HP: 13/13 MP: 5/8
   386 | D        | Reached XP level 3. HP: 16/16 MP: 6/10
   386 | D        | Reached XP level 4. HP: 21/21 MP: 6/11
   618 | D        | Learned a level 3 spell: Stone Arrow
   633 | D        | Noticed a floating eye
   634 | D        | Killed a floating eye
   634 | D        | Reached ** piety under Vehumet
   634 | D        | Offered knowledge of Shock by Vehumet.
   635 | D        | Reached skill level 5 in Spellcasting
   635 | D        | Reached skill level 5 in Transmutations
   635 | D        | Reached skill level 6 in Earth Magic
   635 | D        | Reached XP level 5. HP: 24/24 MP: 12/14
   665 | D        | Reached *** piety under Vehumet
   939 | D        | Noticed a wolf
   941 | D        | Noticed a floating eye
   941 | D        | Noticed a warg
   949 | D        | Killed a floating eye
   949 | D        | Offered knowledge of Poisonous Vapours by Vehumet.
   950 | D        | Reached skill level 5 in Conjurations
   950 | D        | Reached skill level 7 in Earth Magic
   950 | D        | Reached XP level 6. HP: 28/28 MP: 10/16
  1334 | D        | Offered knowledge of Sticky Flame by Vehumet.
  1334 | D        | Reached **** piety under Vehumet
  1370 | D        | Killed a warg
  1371 | D        | Reached skill level 8 in Earth Magic
  1371 | D        | Reached XP level 7. HP: 32/32 MP: 2/18
  1760 | D        | Offered knowledge of Ignite Poison by Vehumet.
  1785 | D        | Reached ***** piety under Vehumet
  2118 | D        | Noticed a jumping spider
  2126 | D        | Noticed a manticore
  2127 | D        | Offered knowledge of Iron Shot by Vehumet.
  2701 | D        | Killed a manticore
  2702 | D        | Reached skill level 9 in Earth Magic
  2702 | D        | Reached XP level 8. HP: 17/36 MP: 4/21
  3105 | D        | Killed a jumping spider
  3208 | D        | Noticed a demonic crawler
  3225 | D        | Killed a demonic crawler
  3232 | D        | Reached skill level 10 in Dodging
  3518 | D        | Reached skill level 10 in Earth Magic
  3850 | D        | Learned a level 6 spell: Iron Shot
  3855 | D        | Learned a level 4 spell: Petrify
  3869 | D        | Noticed a black mamba
  3870 | D        | Noticed Gastronok
  3886 | D        | Killed a black mamba
  3887 | D        | Reached skill level 10 in Transmutations
  3893 | D        | Reached XP level 9. HP: 38/39 MP: 4/23
  3929 | D        | Killed Gastronok
  3930 | D        | Reached skill level 10 in Spellcasting
  3930 | D        | Reached skill level 11 in Earth Magic
  4042 | D        | Reached ****** piety under Vehumet
  4045 | D        | Offered knowledge of Conjure Ball Lightning by Vehumet.
  4053 | D        | Noticed a swamp dragon
  4566 | D        | Noticed a four-headed hydra
  4573 | D        | Killed a four-headed hydra
  4763 | D        | Killed a swamp dragon
  4764 | D        | Reached skill level 12 in Earth Magic
  4764 | D        | Reached XP level 10. HP: 44/44 MP: 8/26
  5435 | D        | Noticed a bog body
  5439 | D        | Reached skill level 10 in Conjurations
  5440 | D        | Killed a bog body
  5440 | D        | Offered knowledge of Eringya's Noxious Bog by Vehumet.
  5785 | D        | Noticed a two-headed ogre
  5793 | D        | Killed a two-headed ogre
  5885 | D        | Reached skill level 13 in Earth Magic
  5893 | D        | Offered knowledge of Ozocubu's Refrigeration by Vehumet.
  6265 | D        | Noticed a cyclops
  6265 | D        | Noticed a fire crab
  6269 | D        | Killed a fire crab
  6796 | D        | Killed a cyclops
  7104 | D        | Noticed a cyan ugly thing
  7104 | D        | Noticed a flayed ghost
  7257 | D        | Killed a flayed ghost
  7328 | D        | Noticed a gargoyle
  7332 | D        | Killed a gargoyle
  7333 | D        | Reached XP level 11. HP: 33/47 MP: 3/28
  7748 | D        | Offered knowledge of Lee's Rapid Deconstruction by Vehumet.
  7788 | D        | Noticed a nagaraja
  7832 | D        | Reached skill level 14 in Earth Magic
  7983 | D        | Killed a nagaraja
  8104 | D        | Killed a cyan ugly thing
  8111 | D        | Learned a level 5 spell: Lee's Rapid Deconstruction
  8342 | D        | Offered knowledge of Fireball by Vehumet.
  8712 | D        | Learned a level 5 spell: Fireball
  8731 | D        | Reached skill level 1 in Fire Magic
  9461 | D        | Noticed a swamp dragon
  9468 | D        | Killed a swamp dragon
  9468 | D        | Offered knowledge of Spellforged Servitor by Vehumet.
  9469 | D        | Reached skill level 15 in Dodging
  9469 | D        | Reached skill level 15 in Earth Magic
  9916 | D        | Noticed a merfolk avatar
  9939 | D        | Killed a merfolk avatar
 10121 | D        | Noticed an ogre mage
 10121 | D        | Noticed a two-headed ogre
 10121 | D        | Noticed a two-headed ogre
 10121 | D        | Noticed a two-headed ogre
 10382 | D        | Killed a two-headed ogre
 10403 | D        | Killed an ogre mage
 10417 | D        | Killed a two-headed ogre
 10418 | D        | Reached skill level 5 in Fire Magic
 10422 | D        | Killed a two-headed ogre
 10423 | D        | Reached XP level 12. HP: 46/51 MP: 3/31
 11406 | D        | Noticed an orc warlord
 12533 | D        | Learned a level 7 spell: Spellforged Servitor
 12819 | D        | Offered knowledge of Lehudib's Crystal Spear by Vehumet.
 12819 | D        | Offered knowledge of Fire Storm by Vehumet.
 12819 | D        | Offered knowledge of Chain Lightning by Vehumet.
 13000 | D        | Noticed a vault guard
 13088 | D        | Killed a vault guard
 13089 | D        | Reached skill level 1 in Summonings
 13089 | D        | Reached skill level 16 in Earth Magic
 13394 | D        | Killed an orc warlord
 13482 | D        | Learned a level 8 spell: Lehudib's Crystal Spear
 13896 | D        | Noticed a naga warrior
 13909 | D        | Killed a naga warrior
 13910 | D        | Reached skill level 15 in Spellcasting
 14751 | D        | Noticed an orc warlord
 14763 | D        | Killed an orc warlord
 14816 | D        | Noticed a naga warrior
 14848 | D        | Killed a naga warrior
 15130 | D        | Noticed a vault guard
 15133 | D        | Noticed a vault guard
 15134 | D        | Reached skill level 5 in Summonings
 15135 | D        | Noticed a spriggan defender
 15196 | D        | Killed a spriggan defender
 15576 | D        | Killed a vault guard
 15577 | D        | Reached skill level 17 in Earth Magic
 15585 | D        | Killed a vault guard
 15704 | D        | Noticed a naga warrior
 15708 | D        | Killed a naga warrior
 15709 | D        | Reached XP level 13. HP: 48/55 MP: 19/33
 16239 | D        | Noticed a lorocyproca
 16244 | D        | Killed a lorocyproca
 16758 | D        | Noticed a deep elf sorcerer
 16810 | D        | Noticed a ghost moth
 16953 | D        | Killed a deep elf sorcerer
 17107 | D        | Reached skill level 10 in Fire Magic
 17136 | D        | Reached skill level 15 in Conjurations
 17337 | D        | Reached skill level 18 in Earth Magic
 17383 | D        | Identified the +1 ring mail of Charity {rElec rPois rN+
                  | Dex-5}
 17825 | D        | Learned a level 4 spell: Flame Wave
 18047 | D        | Killed a ghost moth
 18355 | D        | Noticed a purple draconian
 18357 | D        | Noticed Arachne
 18358 | D        | Noticed a nagaraja
 18378 | D        | Killed from afar by an ice dragon

Illustrated notes

Levels and vault maps discovered:
D:        pitsprint [storerooms_1, entrance_room_1, metal_vault_7, armoury_3,
          mini_pit_1, grid_room_1, main_hall_1, silver_pit, the_coven_3,
          the_vestibule_1, steel_vault_3, golden_pit, hallway_of_sentries,
          crystal_vault_1, iron_vault_2, final_vault]

Skill      XL: |  1  2  3  4  5  6  7  8  9 10 11 12 13 |
---------------+----------------------------------------+-----
Earth Magic    | 5 6 7 8 9 10 12 13 15 17 18 | 18.1
Dodging        | 5 6 7 8 9 10 12 13 15 16 | 16.0
Spellcasting   | 4 5 6 7 8 9 11 12 14 15 16 | 16.6
Transmutations | 4 5 6 7 9 10 12 | 12.2
Conjurations   | 3 4 5 6 7 8 9 11 13 14 15 | 15.2
Fire Magic     | 5 8 10 | 10.5
Summonings     | 6 8 |  8.5
Stealth        | |  3.0

Action                   |  1- 3 |  4- 6 |  7- 9 | 10-12 | 13-15 || total
-------------------------+-------+-------+-------+-------+-------++-------
Melee: Unarmed           |     1 |       |       |       |       ||     1
       Quarterstaff      |       |       |     3 |    15 |     2 ||    20
 Cast: Sandblast         |     8 |    13 |    12 |    97 |    16 ||   146
       Stone Arrow       |       |    10 |    54 |   152 |    45 ||   261
       Iron Shot         |       |       |     8 |    68 |    28 ||   104
       Lee's Rapid Decon |       |       |       |     7 |       ||     7
       Fireball          |       |       |       |     7 |       ||     7
       Flame Wave        |       |       |       |       |     1 ||     1
  Use: Potion            |       |       |     7 |    10 |     4 ||    21
       Scroll            |       |       |     1 |       |     1 ||     2
 Stab: Sleeping          |     1 |       |       |       |       ||     1
       Distracted        |       |       |       |     1 |       ||     1
       Invisible         |       |       |       |     4 |       ||     4
Armor: Robe              |       |       |     4 |     3 |       ||     7
Dodge: Dodged            |     5 |    10 |    63 |    75 |    78 ||   231
